 Dungeon Crawl Stone Soup version 0.14-a0-2162-g062a2ce (webtiles) character file.

367 Kae the Firebug (level 5, -6/28 HPs)
             Began as a Tengu Fire Elementalist on Jan 28, 2014.
             Killed by divine providence
             ... invoked by an orc priest
              (10 damage)
             ... on Level 3 of the Dungeon.
             The game lasted 00:03:26 (2255 turns).

Kae the Firebug (Tengu Fire Elementalist)           Turns: 2255, Time: 00:03:26

HP  -6/28        AC  3     Str  9      XL: 5   Next:  2%
MP   5/11        EV 12     Int 16      God:
Gold 249         SH  0     Dex 14      Spells:  1 memorised,  8 levels left

rFire  + . .     SeeInvis .     (no weapon)
rCold  + . .     Clarity  .     a - +0 robe
rNeg   . . .     Conserve .     (no shield)
rPois  +         rCorr    .     (helmet restricted)
rElec  +         rRot     .     k - +0 cloak
SustAb . .       Spirit   .     (no gloves)
rMut   .         Warding  .     (boots unavailable)
Saprov . . .     Stasis   .     (no amulet)
MR     .....                    (no ring)
                                (no ring)

@: not resistant to hostile enchantments, fairly stealthy
A: able to fly, beak, talons 3
a: Fly


You were on level 3 of the Dungeon.
You were not hungry.

You visited 1 branch of the dungeon, and saw 3 of its levels.

You collected 249 gold pieces.

Inventory:

Armour
 a - a +0 robe (worn)
 k - a +0 cloak (worn)
Magical devices
 l - a wand of confusion (9)
Comestibles
 c - a bread ration
 n - an apple
 q - a meat ration
 s - a rambutan
Scrolls
 d - a scroll of curse jewellery {unknown}
 e - 3 scrolls of identify {unknown}
 f - a scroll of curse armour {unknown}
 h - 4 scrolls of remove curse {unknown}
 i - a scroll of magic mapping {unknown}
 j - a scroll of noise {unknown}
 p - 2 scrolls of fear {unknown}
 r - a scroll of curse weapon {unknown}
 u - a scroll of random uselessness {unknown}
Jewellery
 v - an uncursed ring of teleport control {unknown}
Potions
 m - 2 potions of cure mutation
 t - a potion of speed
Books
 b - a book of Flames

   Spells                             Type                      Level
   *Flame Tongue                      Conjuration/Fire             1
   Throw Flame                        Conjuration/Fire             2
   Conjure Flame                      Conjuration/Fire             3
   Inner Flame                        Hexes/Fire                   3
   Sticky Flame                       Conjuration/Fire             4
   Fireball                           Conjuration/Fire             5


   Skills:
 - Level 2.1 Dodging
 - Level 2.0 Stealth
 + Level 2.6 Spellcasting
 * Level 4.0 Conjurations
 * Level 4.5 Fire Magic


You had 8 spell levels left.
You knew the following spells:

 Your Spells              Type           Power        Failure   Level  Hunger
a - Flame Tongue          Conj/Fire      ###..        4%          1    #......


Dungeon Overview and Level Annotations

Branches:
Dungeon (3/16)

Altars:


Innate Abilities, Weirdness & Mutations

You can fly.
You have a beak for a mouth.
You have claws for feet.


Message History

Aim: an orc priest, wielding an orcish flail and wearing an orcish leather armour The hobgoblin appears confused.
The orc closely misses you.
Casting: Flame Tongue
Confirm with . or Enter, or press ? or * to list all spells.
Aiming: Flame Tongue
Press: ? - help, Shift-Dir - straight line, f/p - orc priest
Aim: an orc priest, wielding an orcish flail and wearing an orcish leather armour The flame hits the hobgoblin.
You kill the hobgoblin!
The orc misses you.
Casting: Flame Tongue
Confirm with . or Enter, or press ? or * to list all spells.
Aiming: Flame Tongue
Press: ? - help, Shift-Dir - straight line, f/p - orc priest
Aim: an orc priest, wielding an orcish flail and wearing an orcish leather armour The flame hits the orc priest.
The orc priest is lightly wounded.
The orc priest invokes the aid of Beogh against you.
Something smites you!
You die...

#♣♣ ♣ P. ♣ . . P..♣. #.
♣♣. ..... ###.##♣♣
.S.♣### ##. .. ...♣
♣♣♣.... ....
####.##.###....### ##.
.........o@o.......
.........###....###.
.#..........o........
#.......###..%.####
#.......# #)...#
#....[..# #....#
.......###....###########
......♣♣♣...............
######♣P♣.♣...###########


You could see an orc priest and an orc.

Vanquished Creatures
  An orc wizard (D:3)
  A worker ant (D:3)
  2 adders
  2 giant geckos
  An ooze (D:2)
  3 orcs (D:3)
  2 giant cockroaches (D:1)
  7 goblins
  7 hobgoblins
  A quokka (D:2)
  7 bats
  6 giant newts
  3 kobolds
  4 rats
  A plant (D:2)
48 creatures vanquished.

Notes
Turn   | Place    | Note
--------------------------------------------------------------
     0 | D:1      | Kae, the Tengu Fire Elementalist, began the quest for the Orb.
     0 | D:1      | Reached XP level 1. HP: 10/10 MP: 3/3
   327 | D:1      | Reached XP level 2. HP: 6/15 MP: 3/5
   936 | D:2      | Reached XP level 3. HP: 12/19 MP: 7/7
  1539 | D:2      | Reached skill level 4 in Fire Magic
  1688 | D:3      | Reached XP level 4. HP: 18/24 MP: 2/9
  2239 | D:3      | Reached XP level 5. HP: 28/28 MP: 9/11
  2255 | D:3      | Killed from afar by an orc priest

Action                   |  1- 3 |  4- 6 || total
-------------------------+-------+-------++-------
Melee: Unarmed           |    79 |    20 ||    99
 Cast: Flame Tongue      |    44 |    35 ||    79
Evoke: Wand              |     1 |     1 ||     2
  Use: Potion            |     9 |     2 ||    11
